 Dungeon Crawl Stone Soup version 0.17-a0-1115-g0372368 (console) character file.

92828 Garrluk the Scorcher (level 15, 0/88 HPs)
             Began as a Deep Elf Fire Elementalist on May 22, 2015.
             Was the Champion of Vehumet.
             Slain by a five-headed hydra (1 damage)
             ... on level 4 of the Lair of Beasts on May 23, 2015.
             The game lasted 01:58:39 (26697 turns).

Garrluk the Scorcher (Deep Elf Fire Elementalist)  Turns: 26697, Time: 01:58:39

Health: 0/88       AC: 14    Str:  7    XL:     15   Next: 59%
Magic:  19/40      EV: 20    Int: 31    God:    Vehumet [******]
Gold:   4045       SH:  0    Dex: 17    Spells: 7 memorised, 20 levels left

rFire  + . .     SeeInvis .     O - +10 quarterstaff {crush, MR+ Int+6 Dex-2}
rCold  + . .     Clarity  +     k - +2 robe {MR+}
rNeg   + . .     SustAt   .     (no shield)
rPois  +         Gourm    .     (helmet restricted)
rElec  .         Spirit   .     B - +0 cloak
rCorr  .         Warding  .     W - +1 pair of gloves {Dex+3}
rMut   .         Stasis   .     r - +1 pair of boots
MR     +++..                    q - amulet of regeneration
Stlth  ++........               o - ring of positive energy
                                n - ring of poison resistance

@: extremely resistant to hostile enchantments, unstealthy
A: horns 1, talons 1, rough black scales 1, agile 1, clarity, cold resistance 1,
dopey 1, fire resistance 1, high mp 1, sense surroundings 1, screaming 1, shaggy
fur 1, strong 1
a: Renounce Religion


You were on level 4 of the Lair of Beasts.
You worshipped Vehumet.
Vehumet was exalted by your worship.
You were hungry.

You visited 4 branches of the dungeon, and saw 26 of its levels.
You also visited: Labyrinth, Trove and Bailey.

You collected 4045 gold pieces.

Notes
Turn   | Place    | Note
--------------------------------------------------------------
     0 | D:1      | Garrluk the Deep Elf Fire Elementalist began the quest for the Orb.
     0 | D:1      | Reached XP level 1. HP: 10/10 MP: 6/6
   138 | D:1      | Reached XP level 2. HP: 10/15 MP: 1/8
   301 | D:1      | Reached skill level 4 in Fire Magic
   615 | D:1      | Reached XP level 3. HP: 17/19 MP: 7/10
  1383 | D:2      | Noticed Natasha
  1402 | D:2      | Killed Natasha
  1402 | D:2      | Reached XP level 4. HP: 5/24 MP: 7/12
  1408 | D:2      | Learned a level 4 spell: Sticky Flame
  1412 | D:2      | Learned a level 3 spell: Conjure Flame
  1910 | D:2      | Reached XP level 5. HP: 28/28 MP: 6/13
  2025 | D:2      | Noticed Natasha
  2029 | D:2      | Killed Natasha
  2029 | D:2      | Reached skill level 5 in Fire Magic
  2334 | D:3      | Reached XP level 6. HP: 16/32 MP: 6/15
  2431 | D:2      | Noticed Natasha
  2437 | D:2      | Killed Natasha
  2465 | D:3      | Noticed an orc warrior
  2514 | D:4      | Learned a level 5 spell: Fireball
  2953 | D:4      | Reached skill level 5 in Spellcasting
  2953 | D:4      | Reached skill level 6 in Fire Magic
  3204 | D:4      | Found a radiant altar of Vehumet.
  3210 | D:4      | Became a worshipper of Vehumet
  3263 | D:4      | Reached XP level 7. HP: 36/36 MP: 13/17
  3402 | D:5      | Entered Level 5 of the Dungeon
  3499 | D:5      | Noticed Duvessa
  3499 | D:5      | Noticed Dowan
  3507 | D:5      | Killed Duvessa
  3507 | D:5      | Reached skill level 7 in Fire Magic
  3510 | D:5      | Killed Dowan
  3744 | D:5      | Reached skill level 5 in Conjurations
  3753 | D:5      | Acquired Vehumet's first power
  3753 | D:5      | Offered knowledge of Freeze by Vehumet.
  3761 | D:5      | Reached skill level 8 in Fire Magic
  3761 | D:5      | Reached XP level 8. HP: 33/41 MP: 8/19
  3992 | D:5      | Found a basalt altar of Yredelemnul.
  4036 | D:5      | Found a staircase to the Ecumenical Temple.
  4418 | D:6      | Reached skill level 9 in Fire Magic
  4482 | D:6      | Identified a scroll of acquirement
  4483 | D:6      | Got a steaming buckler
  4489 | D:6      | Identified the +3 buckler "Dociox" {Str+5} (You acquired it on level 6 of the Dungeon)
  4533 | D:6      | Found a white marble altar of Elyvilon.
  4635 | D:6      | Found a snail-covered altar of Cheibriados.
  4644 | D:6      | Gained mutation: Your flesh is cold resistant. [mutagenic meat]
  4645 | D:6      | Gained mutation: Your muscles are strong. (Str +2) [mutagenic meat]
  4646 | D:6      | Gained mutation: You are agile. (Dex +2) [mutagenic meat]
  4647 | D:6      | Gained mutation: You are partially covered in rough black scales (AC +4, Dex -1). [mutagenic meat]
  4648 | D:6      | Gained mutation: You are dopey. (Int -2) [mutagenic meat]
  4883 | D:6      | Offered knowledge of Sting by Vehumet.
  4883 | D:6      | Reached XP level 9. HP: 45/45 MP: 10/23
  5279 | D:6      | Reached skill level 10 in Fire Magic
  5366 | D:7      | Found a glowing silver altar of Zin.
  5589 | D:7      | Noticed Inkie's ghost (experienced OpTm)
  5598 | D:7      | Killed Inkie's ghost
  5632 | D:7      | Found a deep blue altar of Sif Muna.
  5632 | D:7      | Found a shattered altar of Ashenzari.
  6101 | D:7      | Offered knowledge of Stone Arrow by Vehumet.
  6107 | D:7      | Learned a level 3 spell: Stone Arrow
  6183 | D:8      | Found a flagged portal.
  6188 | D:8      | Reached skill level 11 in Fire Magic
  6192 | D:8      | Gained mutation: You are very dopey. (Int -4) [mutagenic meat]
  6193 | D:8      | Gained mutation: Your flesh is heat resistant. [mutagenic meat]
  6194 | D:8      | Gained mutation: You possess an exceptional clarity of mind. [mutagenic meat]
  6204 | Bailey   | Entered a bailey
  6240 | Bailey   | Noticed Monkaria's ghost (experienced DsCK)
  6265 | D:8      | Acquired Vehumet's second power
  6358 | D:8      | Offered knowledge of Mephitic Cloud by Vehumet.
  6372 | D:8      | Reached XP level 10. HP: 46/50 MP: 6/25
  6377 | D:8      | Learned a level 3 spell: Mephitic Cloud
  6492 | D:8      | Found a staircase to the Lair.
  6564 | D:8      | Lost mutation: You are very dopey. (Int -4) [mutagenic meat]
  6568 | D:8      | Gained mutation: You have an increased reservoir of magic (+10% MP). [mutagenic meat]
  6569 | D:8      | Gained mutation: You have sharp toenails. [mutagenic meat]
  6679 | D:8      | Found a burning altar of Makhleb.
  6781 | D:8      | Reached skill level 10 in Spellcasting
  6858 | D:8      | Noticed a three-headed hydra
  6875 | D:8      | Killed a three-headed hydra
  6875 | D:8      | Reached skill level 12 in Fire Magic
  6875 | D:8      | Acquired Vehumet's third power
  7214 | Lair:1   | Entered Level 1 of the Lair of Beasts
  7214 | Lair:1   | Noticed a griffon
  7218 | Lair:1   | Killed a griffon
  7663 | Lair:1   | Got an ancient dire flail
  7665 | Lair:1   | Identified the cursed +1 dire flail "Ydesew" {crush, rPois} (You found it on level 1 of the Lair of Beasts)
  7712 | Lair:1   | Noticed a four-headed hydra
  7715 | Lair:1   | Killed a four-headed hydra
  7715 | Lair:1   | Reached skill level 1 in Fighting
  7718 | Lair:1   | Noticed a black mamba
  7731 | Lair:1   | Killed a black mamba
  7731 | Lair:1   | Offered knowledge of Iskenderun's Battlesphere by Vehumet.
  7980 | Lair:1   | Reached skill level 13 in Fire Magic
  8295 | Lair:2   | Reached XP level 11. HP: 57/57 MP: 26/30
  8669 | Lair:2   | Noticed a black mamba
  8674 | Lair:2   | Killed a black mamba
  9161 | Lair:2   | Reached skill level 10 in Conjurations
  9175 | Lair:2   | Reached skill level 14 in Fire Magic
  9904 | Lair:3   | Found a hole to the Spider Nest.
  9937 | Lair:3   | Noticed katzbalger's ghost (mighty HuAs)
 10155 | D:9      | Noticed Maurice
 10159 | D:9      | Killed Maurice
 10243 | D:9      | Offered knowledge of Delayed Fireball by Vehumet.
 10297 | D:9      | Reached XP level 12. HP: 66/66 MP: 24/33
 10387 | D:9      | Learned a level 7 spell: Orb of Destruction
 10507 | D:9      | Found a sparkling altar of Nemelex Xobeh.
 10803 | D:9      | Found a staircase to the Orcish Mines.
 10864 | D:9      | Noticed Pikel
 10873 | D:9      | Killed Pikel
 10962 | D:9      | Found a blossoming altar of Fedhas.
 11014 | D:10     | Entered Level 10 of the Dungeon
 11016 | D:10     | Noticed Erica
 11020 | D:10     | Killed Erica
 11049 | D:10     | Noticed Sonja
 11052 | D:10     | Killed Sonja
 11090 | D:10     | Gained mutation: You passively map a small area around you. [potion of beneficial mutation]
 11236 | D:10     | Noticed Harold
 11288 | D:10     | Killed Harold
 11352 | D:10     | Reached skill level 15 in Fire Magic
 11618 | D:10     | Got a twisted quarterstaff
 11987 | D:10     | Offered knowledge of Freezing Cloud by Vehumet.
 11987 | D:10     | Reached skill level 5 in Fighting
 12156 | D:10     | Found a portal to a secret trove of treasure.
 12160 | Trove    | Entered a treasure trove
 12182 | Trove    | Got an ancient hat
 12193 | Trove    | Identified the -2 hat of Fortitude {rF+ Str+3} (You found it in a treasure trove)
 12743 | D:11     | Noticed Snorg
 12751 | D:11     | Killed Snorg
 12958 | D:11     | Identified the +10 quarterstaff of the Fulmar {crush, MR+ Int+6 Dex-2} (You found it on level 10 of the Dungeon)
 13260 | D:11     | Found Hoggiadu's Distillery.
 13439 | D:12     | Reached XP level 13. HP: 60/73 MP: 9/35
 13631 | D:12     | Noticed tyrsky's ghost (powerful MiBe)
 13884 | D:12     | Noticed a five-headed hydra
 13891 | D:12     | Killed a five-headed hydra
 14248 | D:13     | Upgraded the game from 0.17-a0-1110-g19bd574 to 0.17-a0-1115-g0372368
 14477 | D:12     | Found an iron altar of Okawaru.
 14485 | D:13     | Reached skill level 16 in Fire Magic
 14960 | Lair:3   | Reached skill level 5 in Dodging
 15122 | Lair:3   | Killed katzbalger's ghost
 15445 | Lair:3   | Noticed a four-headed hydra
 15451 | Lair:3   | Killed a four-headed hydra
 16093 | Lair:4   | Found a labyrinth entrance.
 16113 | Lab      | Entered a labyrinth
 16836 | Lair:4   | Found a staircase to the Swamp.
 17413 | Lair:5   | Noticed Nessos
 17418 | Lair:5   | Killed Nessos
 17548 | Lair:5   | Reached XP level 14. HP: 78/80 MP: 22/37
 18149 | Lair:5   | Reached skill level 17 in Fire Magic
 18909 | Lair:6   | Got a pair of steaming gloves
 18920 | Lair:6   | Identified the -1 pair of gloves of Lolagy {rF+} (You acquired it on level 6 of the Lair of Beasts)
 18962 | Lair:6   | Gained mutation: You are covered in fur (AC +1). [potion of beneficial mutation]
 19248 | Lair:6   | Reached skill level 15 in Spellcasting
 19252 | Lair:6   | Offered knowledge of Bolt of Draining by Vehumet.
 19871 | Lair:7   | Gained mutation: You have a pair of small horns on your head. [potion of mutation]
 20079 | Lair:7   | Found a staircase to the Slime Pits.
 20145 | Lair:7   | Got a faintly glowing hand axe
 20146 | Lair:7   | Identified the cursed +1 hand axe of Defiance {chop, *Drain +Inv Str-3 Int+3} (You found it on level 7 of the Lair of Beasts)
 20695 | Lair:8   | Entered Level 8 of the Lair of Beasts
 21601 | Lair:8   | Offered knowledge of Lee's Rapid Deconstruction by Vehumet.
 21954 | Lair:8   | Reached XP level 15. HP: 86/86 MP: 34/40
 22369 | Lair:8   | Got a dazzling ring mail
 22537 | Orc:1    | Entered Level 1 of the Orcish Mines
 22672 | Orc:1    | Found a roughly hewn altar of Beogh.
 22799 | Orc:1    | Noticed Fannar
 22805 | Orc:1    | Killed Fannar
 22824 | Orc:1    | Offered knowledge of Conjure Ball Lightning by Vehumet.
 23089 | Orc:2    | Found a roughly hewn altar of Beogh.
 23493 | Orc:2    | Found a roughly hewn altar of Beogh.
 23753 | Orc:3    | Offered knowledge of Bolt of Fire by Vehumet.
 23766 | Orc:3    | Found a bloodstained altar of Trog.
 24080 | Orc:4    | Entered Level 4 of the Orcish Mines
 24114 | Orc:4    | Found a roughly hewn altar of Beogh.
 24238 | Orc:4    | Noticed Josephine
 24372 | Orc:4    | Reached skill level 18 in Fire Magic
 24402 | Orc:4    | Killed Josephine
 24514 | Orc:4    | Found a staircase to the Elven Halls.
 24640 | Orc:4    | Found Yraeruiz's General Store.
 24743 | Orc:4    | Found Fykhlaar's Food Emporium.
 25516 | Orc:4    | Gained mutation: You occasionally shout uncontrollably at your foes. [a neqoxec]
 25661 | Orc:4    | Reached skill level 10 in Dodging
 25946 | Orc:4    | Found Fotitev's Antique Weapon Boutique.
 25946 | Orc:4    | Found Hyonitom's Book Shop.
 25946 | Orc:4    | Found a one-way gate leading to the halls of Pandemonium.
 26308 | D:9      | Offered knowledge of Poison Arrow by Vehumet.
 26493 | Swamp:1  | Entered Level 1 of the Swamp
 26696 | Lair:4   | HP: 1/88 [five-headed hydra (9)]
 26697 | Lair:4   | Slain by a five-headed hydra

Inventory:

Hand weapons
 H - the +1 dire flail "Ydesew" {crush, rPois}
   (You found it on level 1 of the Lair of Beasts)

   It inflicts extra damage upon your enemies.
   It protects you from poison.
 O - the +10 quarterstaff of the Fulmar (weapon) {crush, MR+ Int+6 Dex-2}
   (You found it on level 10 of the Dungeon)

   It inflicts extra damage upon your enemies.
   It affects your intelligence (+6).
   It affects your dexterity (-2).
   It affects your resistance to hostile enchantments.
Armour
 e - a +2 robe of cold resistance
   (You took it off Fannar on level 1 of the Orcish Mines)
 k - a +2 robe of magic resistance (worn)
   (You took it off Josephine on level 4 of the Orcish Mines)
 p - a +2 robe of fire resistance
   (You took it off an orc sorcerer on level 4 of the Orcish Mines)
 r - a +1 pair of boots (worn)
   (You found it on level 7 of the Dungeon)
 B - a +0 cloak (worn)
   (You took it off Maurice on level 9 of the Dungeon)
 W - a +1 pair of gloves of dexterity (worn)
   (You found it on level 5 of the Lair of Beasts)
Magical staves
 g - an uncursed staff of fire
   (You found it on level 4 of the Dungeon)
 A - an uncursed staff of wizardry
   (You found it on level 1 of the Lair of Beasts)
Jewellery
 n - a ring of poison resistance (left hand)
   (You found it on level 2 of the Lair of Beasts)
 o - a ring of positive energy (right hand)
   (You found it on level 2 of the Dungeon)
 q - an amulet of regeneration (around neck)
   (You found it on level 2 of the Dungeon)
 J - an uncursed amulet of resist mutation
   (You took it off a wight on level 9 of the Dungeon)
 N - an uncursed ring of protection from fire
   (You found it in a treasure trove)
 Q - an uncursed ring of teleportation
   (You found it on level 11 of the Dungeon)
 R - an uncursed ring of protection from cold
   (You found it in a labyrinth)
 S - an uncursed ring of protection from magic
   (You found it on level 4 of the Lair of Beasts)
 X - an uncursed ring of fire
   (You found it on level 5 of the Lair of Beasts)
Magical devices
 E - a wand of disintegration (12)
   (You found it on level 9 of the Dungeon)
Scrolls
 b - a scroll of magic mapping
 h - 8 scrolls of identify
 y - 4 scrolls of fog
 K - 5 scrolls of remove curse
 L - a scroll of teleportation
Potions
 d - a potion of lignification
 i - 3 potions of heal wounds
 j - 7 potions of haste
 l - 4 potions of flight
 m - 6 potions of brilliance
 u - a potion of invisibility
 w - 8 potions of curing
 C - 2 potions of magic
 U - a potion of cancellation
 Y - a potion of resistance
Comestibles
 c - 12 bread rations
 z - 20 fruits

Table legend:
 A = Turns spent in this place as a percentage of turns spent in the entire game.
 B = Non-inter-level travel turns spent in this place as a percentage of non-inter-level travel turns spent in the entire game.
 C = Inter-level travel turns spent in this place as a percentage of turns spent in this place.
 D = Turns resting spent in this place as a percentage of non-inter-level travel turns spent in this place.
 E = Turns spent auto-exploring this place as a percentage of non-inter-level travel turns spent in this place.
 F = Non-inter-level travel turns spent in this place divided by the number of levels of this place that you've seen.
                   A       B       C       D       E      F
               +-------+-------+-------+-------+-------+----------------------
         Total | 100.0 | 100.0 |   0.6 |   2.5 |   7.0 | 338.0
       Dungeon |  43.3 |  43.4 |   0.5 |   3.2 |   7.9 | 327.0
          Lair |  35.7 |  35.6 |   0.8 |   2.4 |   6.0 | 436.4
         Swamp |   0.4 |   0.4 |   0.0 |   0.0 |   8.6 |  35.0
  Orcish Mines |  16.3 |  16.3 |   0.6 |   1.7 |   8.6 | 398.8
     Labyrinth |   3.8 |   3.9 |   0.0 |   0.0 |   0.0 | 378.0
         Trove |   0.4 |   0.4 |   0.0 |   0.0 |   0.0 |  37.0
        Bailey |   0.2 |   0.2 |   0.0 |  12.5 |   0.0 |  16.0
               +-------+-------+-------+-------+-------+----------------------


   Skills:
 + Level 8.2 Fighting
 + Level 10.2 Dodging
 - Level 2.4 Stealth
 + Level 16.1 Spellcasting
 + Level 13.8 Conjurations
 * Level 18.4 Fire Magic


You had 20 spell levels left.
You knew the following spells:

 Your Spells              Type           Power        Failure   Level  Hunger
a - Flame Tongue          Conj/Fire      #####        0%          1    None
b - Sticky Flame          Conj/Fire      #######.     1%          4    None
c - Conjure Flame         Conj/Fire      #######.     0%          3    None
d - Mephitic Cloud        Conj/Pois/Air  ######..     1%          3    None
f - Orb of Destruction    Conj           #######...   2%          7    ####...
A - Stone Arrow           Conj/Erth      ######       1%          3    None
D - Fireball              Conj/Fire      #######...   1%          5    None


Dungeon Overview and Level Annotations

Branches:
Dungeon (13/15)            Temple (0/1) D:5            Lair (8/8) D:8
  Swamp (1/4) Lair:4       Spider (0/4) Lair:3        Slime (0/6) Lair:7
    Orc (4/4) D:9             Elf (0/3) Orc:4
 Vaults: D:13-14

Altars:
Ashenzari
Cheibriados
Elyvilon
Fedhas
Makhleb
Nemelex Xobeh
Okawaru
Sif Muna
Trog
Vehumet
Yredelemnul
Zin
Beogh

Shops:
D:11 !   Orc:4 :*(%

Portals:
Pandemonium: Orc:4

Annotations:
D:4 exclusion: statue
D:12 tyrsky's ghost, powerful MiBe


Innate Abilities, Weirdness & Mutations

You have a pair of small horns on your head.
You have sharp toenails.
You are partially covered in rough black scales (AC +4, Dex -1).
You are agile. (Dex +2)
You possess an exceptional clarity of mind.
Your flesh is cold resistant.
You are dopey. (Int -2)
Your flesh is heat resistant.
You have an increased reservoir of magic (+10% MP).
You passively map a small area around you.
You occasionally shout uncontrollably at your foes.
You are covered in fur (AC +1).
Your muscles are strong. (Str +2)


Message History

* * * LOW HITPOINT WARNING * * *
The five-headed hydra bites you!
* * * LOW HITPOINT WARNING * * *
Read which item? (? for menu, Esc to quit)
Okay, then.
Unknown command.
Casting: Orb of Destruction
Confirm with . or Enter, or press ? or * to list all spells.
Aiming: Orb of Destruction
Press: ? - help, Shift-Dir - straight line, f/p - five-headed hydra
Aim: a five-headed hydra (heavily wounded)
You are feeling hungry.
The wavering orb of destruction hits the five-headed hydra.
The five-headed hydra is almost dead.
Your orb of destruction hits a tree.
The tree breaks and falls down!
The five-headed hydra completely misses you.
The five-headed hydra barely misses you. x2
The five-headed hydra bites you but does no damage.
The five-headed hydra bites you.
You die...

#..#.##.##..#...P##
#....#..##.#......#
#.......##.##..P..#
##...P..##.#.#P.#.##
##P.#.##..........####
####..#########..#)....#
..##..P# ♣#...#.P##
...†..## ♣♣♣♣♣#P..##
##.#.## ♣♣≈≈≈♣♣#.#.#
##### ♣.D§§♣♣#..##
♣§§@≈§♣#..P#
♣♣§§≈≈♣♣.###
##♣♣♣§≈♣♣...#
##..♣♣.♣♣.#..#
###..♣##.......# ##
#P............## .#####
##.....#..##..# .....#
##..#.....#.### ##..P#
#..###.#.#.##
##P.P#####..###...##
.....##.##..#[##)P#


You could see a five-headed hydra.

Table legend:
 A = Kills in this place as a percentage of kills in entire the game.
 B = Kills by you in this place as a percentage of kills by you in the entire game.
 C = Kills by friends in this place as a percentage of kills by friends in the entire game.
 D = Other kills in this place as a percentage of other kills in the entire game.
 E = Experience gained in this place as a percentage of experience gained in the entire game.
 F = Experience gained in this place divided by the number of levels of this place that you have seen.
                   A       B       C       D       E      F
               +-------+-------+-------+-------+-------+----------------------
         Total | 100.0 | 100.0 |  -nan | 100.0 | 100.0 | 4572.8
       Dungeon |  41.4 |  41.4 |  -nan | 100.0 |  25.2 | 2569.9
          Lair |  32.9 |  32.9 |  -nan |   0.0 |  53.7 | 8904.0
         Swamp |   0.6 |   0.6 |  -nan |   0.0 |   1.9 | 2579.0
  Orcish Mines |  24.7 |  24.8 |  -nan |   0.0 |  18.4 | 6086.0
     Labyrinth |   0.1 |   0.1 |  -nan |   0.0 |   0.8 | 1045.0
        Bailey |   0.3 |   0.3 |  -nan |   0.0 |   0.0 |   3.0
               +-------+-------+-------+-------+-------+----------------------

Vanquished Creatures
  Monster Symbol All ' '
  The ghost of katzbalger the Covert, a mighty HuAs of Okawaru (Lair:3)
  The ghost of Inkie the Thaumaturge, an experienced OpTm of Gozag (D:7)
2 creatures vanquished. All '3' A smoke demon (Orc:4) A ynoxinul (Orc:4) A neqoxec (Orc:4)
3 creatures vanquished. All '4' 2 sixfirhies (Orc:4) An orange demon (Orc:4)
3 creatures vanquished. All '5' 5 crimson imps 4 shadow imps
9 creatures vanquished. All '6' An infernal demonspawn (Orc:4) 2 torturous demonspawn (Orc:4)
3 creatures vanquished. All '9' 2 gargoyles
2 creatures vanquished. All ';' 5 electric eels
5 creatures vanquished. All '@' Josephine (Orc:4) Harold (D:10) Erica (D:10) Maurice (D:9)
4 creatures vanquished. All 'B' A boulder beetle (Lair:7)
1 creature vanquished. All 'C' 4 hill giants 2 cyclopes
6 creatures vanquished. All 'D' 7 hydras
7 creatures vanquished. All 'F' 24 spiny frogs 33 blink frogs 36 giant frogs
93 creatures vanquished. All 'G' An eye of draining (D:12)
1 creature vanquished. All 'H' A minotaur (Lab) 2 griffons A hippogriff (shapeshifter) (D:13) 6 hippogriffs
10 creatures vanquished. All 'J' 2 jellies
2 creatures vanquished. All 'K' Sonja (D:10) Pikel (D:9) 3 kobold demonologists (D:9) 7 big kobolds 27 kobolds
39 creatures vanquished. All 'O' A two-headed ogre (D:11) 7 ogres
8 creatures vanquished. All 'P' 2 bushes (Lair:3) 18 fungi 15 plants
35 creatures vanquished. All 'S' A guardian serpent (D:9) 8 black mambas 11 water moccasins 12 adders 2 ball pythons (D:3)
34 creatures vanquished. All 'T' Snorg (D:11) 5 trolls
6 creatures vanquished. All 'W' 5 wraiths (Orc:4) 3 hungry ghosts A shadow (D:11) A phantom (D:13)
10 creatures vanquished. All 'Y' A catoblepas (Lair:8) 6 death yaks 11 elephants 52 yaks 2 ice beasts 4 sky beasts 7 sheep
83 creatures vanquished. All 'Z' A wyvern zombie (D:13) 2 giant frog zombies 2 centaur zombies A giant frog skeleton (D:8) 5 centaur skeletons 3 killer bee zombies A hound zombie (D:8) 2 hound skeletons 2 worker ant zombies 2 adder zombies (D:8) An adder skeleton (D:9) A bat zombie (D:6) A giant gecko skeleton (D:5)
24 creatures vanquished. All 'a' A soldier ant (D:13) 3 worker ants
4 creatures vanquished. All 'b' 27 bats
27 creatures vanquished. All 'c' Nessos (Lair:5) 3 centaurs
4 creatures vanquished. All 'e' Fannar (Orc:1) A deep elf fighter (D:8) A deep elf mage (D:12) Duvessa (D:5) Dowan (D:5)
5 creatures vanquished. All 'f' A shambling mangrove (Swamp:1)
1 creature vanquished. All 'g' A gnoll sergeant (D:10) 17 gnolls 22 goblins 19 hobgoblins
59 creatures vanquished. All 'h' A polar bear (Lair:7) 16 wolves 2 wargs A black bear (D:6) 7 hounds Natasha (thrice) (D:2) 13 jackals
43 creatures vanquished. All 'i' A spriggan (Lair:3)
1 creature vanquished. All 'k' 5 fire drakes
5 creatures vanquished. All 'l' 8 komodo dragons 2 wyverns 3 basilisks 11 iguanas 6 giant geckos 5 giant newts
35 creatures vanquished. All 'n' A necrophage (D:6)
1 creature vanquished. All 'o' 5 orc high priests (Orc:4) 5 orc knights 6 orc sorcerers (Orc:4) 33 orc warriors 30 orc wizards 33 orc priests 184 orcs
296 creatures vanquished. All 'p' 3 slaves (D:9)
3 creatures vanquished. All 'r' 12 porcupines 4 hell rats (Lair:6) 63 river rats A quokka (D:6) 41 rats
121 creatures vanquished. All 's' 8 spiders (Lair:3) 2 scorpions (D:9) 4 giant cockroaches
14 creatures vanquished. All 't' An alligator (Swamp:1) 13 crocodiles
14 creatures vanquished. All 'u' 3 ugly things
3 creatures vanquished. All 'v' An insubstantial wisp (Lair:4)
1 creature vanquished. All 'w' A torpor snail (Lair:5) A giant leech (Lair:4) 2 swamp worms 2 brain worms 5 worms
11 creatures vanquished. All 'y' A hornet (Swamp:1) 6 vampire mosquitoes (Lair:8) 2 wasps (Swamp:1) 19 killer bees
28 creatures vanquished. All 'z' 8 wights
8 creatures vanquished.
1074 creatures vanquished. Monster Nature Uniques Nessos (Lair:5) Snorg (D:11) Josephine (Orc:4) Fannar (Orc:1) Harold (D:10) Erica (D:10) Sonja (D:10) Pikel (D:9) Maurice (D:9) Duvessa (D:5) Dowan (D:5) Natasha (thrice) (D:2)
14 creatures vanquished. Natural Monsters The ghost of katzbalger the Covert, a mighty HuAs of Okawaru (Lair:3) A minotaur (Lab) 7 hydras A catoblepas (Lair:8) 6 death yaks An alligator (Swamp:1) 5 orc high priests (Orc:4) An infernal demonspawn (Orc:4) 4 hill giants The ghost of Inkie the Thaumaturge, an experienced OpTm of Gozag (D:7) 2 torturous demonspawn (Orc:4) 5 orc knights 2 griffons A hornet (Swamp:1) 3 ugly things 6 orc sorcerers (Orc:4) A guardian serpent (D:9) 2 cyclopes 24 spiny frogs 8 black mambas 11 elephants A torpor snail (Lair:5) 8 komodo dragons 5 fire drakes 3 kobold demonologists (D:9) 5 trolls A giant leech (Lair:4) 33 blink frogs A polar bear (Lair:7) A two-headed ogre (D:11) A boulder beetle (Lair:7) A spriggan (Lair:3) 2 wyverns A deep elf fighter (D:8) A hippogriff (shapeshifter) (D:13) A deep elf mage (D:12) 16 wolves 3 basilisks 52 yaks 2 wargs 6 hippogriffs 2 swamp worms A soldier ant (D:13) 11 water moccasins 2 ice beasts 12 porcupines 33 orc warriors 8 spiders (Lair:3) 2 wasps (Swamp:1) 4 sky beasts 3 centaurs A black bear (D:6) An eye of draining (D:12) 3 slaves (D:9) 13 crocodiles 7 ogres 36 giant frogs 7 big kobolds 2 brain worms A gnoll sergeant (D:10) 2 scorpions (D:9) 5 electric eels 19 killer bees 30 orc wizards 2 jellies 33 orc priests 7 hounds 11 iguanas 3 worker ants 7 sheep 12 adders 17 gnolls 63 river rats 5 worms 6 giant geckos 184 orcs 4 giant cockroaches 22 goblins 19 hobgoblins 27 kobolds A quokka (D:6) 2 ball pythons (D:3) 27 bats 5 giant newts 13 jackals 41 rats
953 creatures vanquished. Non-Living Monsters 2 gargoyles An insubstantial wisp (Lair:4)
3 creatures vanquished. Undead Monsters 5 wraiths (Orc:4) 3 hungry ghosts A shadow (D:11) 6 vampire mosquitoes (Lair:8) A phantom (D:13) A necrophage (D:6) A wyvern zombie (D:13) 8 wights 2 giant frog zombies 2 centaur zombies A giant frog skeleton (D:8) 5 centaur skeletons 3 killer bee zombies A hound zombie (D:8) 2 hound skeletons 2 worker ant zombies 2 adder zombies (D:8) An adder skeleton (D:9) A bat zombie (D:6) A giant gecko skeleton (D:5)
49 creatures vanquished. Demonic Monsters 2 sixfirhies (Orc:4) An orange demon (Orc:4) A smoke demon (Orc:4) A ynoxinul (Orc:4) A neqoxec (Orc:4) 5 crimson imps 4 hell rats (Lair:6) 4 shadow imps
19 creatures vanquished. Plants A shambling mangrove (Swamp:1) 2 bushes (Lair:3) 18 fungi 15 plants
36 creatures vanquished.
1074 creatures vanquished. Ascending Order The ghost of katzbalger the Covert, a mighty HuAs of Okawaru (Lair:3) Nessos (Lair:5) Snorg (D:11) Josephine (Orc:4) A minotaur (Lab) Fannar (Orc:1) Harold (D:10) A catoblepas (Lair:8) Erica (D:10) An alligator (Swamp:1) Sonja (D:10) An infernal demonspawn (Orc:4) A shambling mangrove (Swamp:1) The ghost of Inkie the Thaumaturge, an experienced OpTm of Gozag (D:7) Pikel (D:9) A hornet (Swamp:1) A guardian serpent (D:9) Maurice (D:9) An orange demon (Orc:4) A torpor snail (Lair:5) A smoke demon (Orc:4) A giant leech (Lair:4) A polar bear (Lair:7) A two-headed ogre (D:11) A boulder beetle (Lair:7) A spriggan (Lair:3) A deep elf fighter (D:8) A ynoxinul (Orc:4) A hippogriff (shapeshifter) (D:13) A shadow (D:11) A deep elf mage (D:12) A neqoxec (Orc:4) An insubstantial wisp (Lair:4) A soldier ant (D:13) Duvessa (D:5) A phantom (D:13) A black bear (D:6) An eye of draining (D:12) A necrophage (D:6) A wyvern zombie (D:13) Dowan (D:5) A gnoll sergeant (D:10) A giant frog skeleton (D:8) A hound zombie (D:8) An adder skeleton (D:9) A bat zombie (D:6) A quokka (D:6) A giant gecko skeleton (D:5) 2 torturous demonspawn (Orc:4) 2 griffons 2 cyclopes 2 sixfirhies (Orc:4) 2 gargoyles 2 wyverns 2 wargs 2 swamp worms 2 ice beasts 2 wasps (Swamp:1) 2 brain worms 2 scorpions (D:9) 2 giant frog zombies 2 centaur zombies 2 jellies 2 worker ant zombies 2 hound skeletons 2 adder zombies (D:8) 2 ball pythons (D:3) 2 bushes (Lair:3) 3 ugly things 3 kobold demonologists (D:9) 3 hungry ghosts 3 basilisks 3 centaurs 3 slaves (D:9) Natasha (thrice) (D:2) 3 worker ants 3 killer bee zombies 4 hill giants 4 sky beasts 4 hell rats (Lair:6) 4 shadow imps 4 giant cockroaches 5 orc high priests (Orc:4) 5 orc knights 5 fire drakes 5 trolls 5 wraiths (Orc:4) 5 electric eels 5 crimson imps 5 centaur skeletons 5 worms 5 giant newts 6 death yaks 6 orc sorcerers (Orc:4) 6 vampire mosquitoes (Lair:8) 6 hippogriffs 6 giant geckos 7 hydras 7 ogres 7 big kobolds 7 hounds 7 sheep 8 black mambas 8 komodo dragons 8 spiders (Lair:3) 8 wights 11 elephants 11 water moccasins 11 iguanas 12 porcupines 12 adders 13 crocodiles 13 jackals 15 plants 16 wolves 17 gnolls 18 fungi 19 killer bees 19 hobgoblins 22 goblins 24 spiny frogs 27 kobolds 27 bats 30 orc wizards 33 blink frogs 33 orc warriors 33 orc priests 36 giant frogs 41 rats 52 yaks 63 river rats 184 orcs
1074 creatures vanquished. The 3-digit Club 184 orcs
184 creatures vanquished.

Action                   |  1- 3 |  4- 6 |  7- 9 | 10-12 | 13-15 || total
-------------------------+-------+-------+-------+-------+-------++-------
Melee: Whip              |     8 |     3 |       |       |       ||    11
       Staff             |       |     3 |    38 |    21 |       ||    62
       Dire flail        |       |       |       |    54 |       ||    54
       Quarterstaff      |       |       |       |     6 |   423 ||   429
 Cast: Flame Tongue      |    81 |   101 |   227 |   170 |   214 ||   793
       Conjure Flame     |       |     3 |     8 |    26 |     9 ||    46
       Sticky Flame      |       |     3 |    19 |    74 |   145 ||   241
       Fireball          |       |     1 |    13 |    85 |   247 ||   346
       Stone Arrow       |       |       |     2 |    18 |     5 ||    25
       Mephitic Cloud    |       |       |       |     8 |     6 ||    14
       Orb of Destructio |       |       |       |     6 |    73 ||    79
Evoke: Wand              |       |       |     7 |       |       ||     7
       Rod               |       |       |       |       |     1 ||     1
  Use: Scroll            |       |     5 |     9 |    10 |    13 ||    37
       Potion            |       |       |     6 |     1 |     4 ||    11
 Stab: Sleeping          |       |     1 |     1 |       |       ||     2
  Eat: Chunk             |     1 |     7 |    23 |    37 |    61 ||   129
       Fruit             |       |       |       |     5 |     4 ||     9
